 Dungeon Crawl Stone Soup version 0.28-a0-932-g843f935a50 (webtiles) character file.

Game seed: 2244006623607946644

2735 bearlyready the Severer (level 9, -3/75 HPs)
             Began as a Hill Orc Monk on Nov 28, 2021.
             Was a Believer of Trog.
             Slain by a yak (12 damage)
             ... on level 7 of the Dungeon.
             The game lasted 00:09:35 (9564 turns).

bearlyready the Severer (Hill Orc Monk)             Turns: 9564, Time: 00:09:36

Health: -3/75      AC: 14    Str: 17    XL:     9   Next: 67%
Magic:  9/9        EV:  5    Int: 10    God:    Trog [**....]
Gold:   387        SH:  0    Dex: 13    Spells: 8/8 levels left

rFire   . . .      SeeInvis +   O - +1 battleaxe (vorpal)
rCold   . . .      Faith    .   (shield currently unavailable)
rNeg    . . .      Spirit   .   q - +0 plate armour
rPois   +          Reflect  .   B - +0 helmet
rElec   .          Harm     .   P - scarf {repulsion}
rCorr   .          Rampage  .   z - +0 pair of gloves
Will    .....                   n - +1 pair of boots
Stlth   ..........              N - amulet of regeneration
HPRegen 1.02/turn               u - ring of poison resistance
MPRegen 0.11/turn               G - ring of see invisible

@: repel missiles
A: no striking features
a: Renounce Religion, Berserk, Trog's Hand


You were on level 7 of the Dungeon.
You worshipped Trog.
Trog was pleased with you.
You visited 2 branches of the dungeon, and saw 9 of its levels.

You collected 387 gold pieces.

Inventory:

Hand Weapons
 a - a +0 hand axe
 D - a +1 vampiric halberd
 L - a +0 battleaxe
 O - a +1 vorpal battleaxe (weapon)
Missiles
 c - 151 stones
 i - 69 sling bullets
 j - 23 poisoned darts (quivered)
 C - 14 boomerangs
 H - 2 throwing nets
Armour
 b - a +0 robe
 n - a +1 pair of boots (worn)
 q - a +0 plate armour (worn)
 z - a +0 pair of gloves (worn)
 B - a +0 helmet (worn)
 E - a +2 kite shield
 M - a +0 cloak
 P - a scarf of repulsion (worn)
Jewellery
 f - a ring of protection from fire
 u - a ring of poison resistance (left hand)
 v - a +6 ring of intelligence
 w - a ring of fire
 G - a ring of see invisible (right hand)
 N - an amulet of regeneration (around neck)
Wands
 A - a wand of iceblast (11)
 F - a wand of flame (17)
Scrolls
 d - 2 scrolls of enchant armour {unknown}
 e - 3 scrolls of identify {unknown}
 k - a scroll of enchant weapon {unknown}
 m - 2 scrolls of magic mapping
 r - 2 scrolls of vulnerability {unknown}
 t - 3 scrolls of blinking {unknown}
 y - 2 scrolls of teleportation {unknown}
 K - a scroll of immolation {unknown}
Potions
 g - a potion of mutation {unknown}
 h - 3 potions of curing {unknown}
 l - a potion of berserk rage {unknown}
 o - 3 potions of resistance {unknown}
 p - 2 potions of degeneration {unknown}
 s - 3 potions of lignification {unknown}
 x - 2 potions of flight {unknown}
 I - a potion of ambrosia {unknown}
 J - a potion of attraction {unknown}


   Skills:
 + Level 6.2 Fighting
 + Level 15.1 Axes
 - Level 2.0 Throwing
 - Level 2.4 Dodging
 - Level 1.5 Stealth
 - Level 3.0 Evocations


You had 8 spell levels left.
You didn't know any spells.
Your spell library contained the following spells:

 Spells                   Type           Power      Damage    Failure   Level
 Animate Skeleton         Necr           0%         N/A       100%        1
 Apportation              Tloc           0%         N/A       100%        1
 Summon Small Mammal      Summ           0%         N/A       100%        1
 Scorch                   Fire           0%         2d5       100%        2
 Ozocubu's Armour         Ice            0%         N/A       100%        3
 Flame Wave               Conj/Fire      0%         3d3       100%        4
 Summon Cactus Giant      Summ           0%         N/A       100%        6
 Ozocubu's Refrigeration  Ice            0%         4d5       100%        7


Dungeon Overview and Level Annotations

Branches:
Dungeon (8/15)             Temple (1/1) D:6
   Lair: D:8-11

Altars:
Ashenzari
Cheibriados
Dithmenos
Elyvilon
Fedhas
Gozag
Hepliaklqana
Kikubaaqudgha
Makhleb
Nemelex Xobeh
Okawaru
Qazlal
Ru
Sif Muna
Trog
Uskayaw
Vehumet
Wu Jian
Xom
Yredelemnul
Zin
The Shining One

Shops:
D:5 [

Annotations:
D:6 3 runed translucent doors, avis's ghost, novice HOFi


Message History

You slash the yak!
You kill the yak!
Trog accepts your kill.
Your Fighting skill increases to level 6!
You see here a yak corpse.
There is a stone staircase leading down, spattered with blood here.
You start resting.
HP restored.
You climb downwards.
The yak gores you but does no damage. x2
The yak barely misses you.
There is a stone staircase leading up, spattered with blood here.
You barely miss the yak.
The yak is severely wounded.
You hit the yak but do no damage. You hit the yak.
The yak gores you but does no damage. x3
The yak gores you. The yak gores you but does no damage. The yak gores you!
You climb upwards.
There is a stone staircase leading down, spattered with blood here.
You barely miss the yak. You hit the yak. You slash the yak! The yak gores you.
You closely miss the yak.
The yak is lightly wounded.
You hit the yak but do no damage. You closely miss the yak.
The yak gores you but does no damage. x3
You completely miss the yak.
The yak is lightly wounded.
You hit the yak. You barely miss the yak. The yak gores you! The yak gores you.
The yak gores you but does no damage.
You slash the yak!
The yak is heavily wounded.
You slash the yak! You hit the yak. The yak gores you. The yak gores you!
The yak gores you.
You barely miss the yak.
The yak is heavily wounded.
Your plate armour prevents you from hitting the yak.
You hit the yak but do no damage. The yak gores you!
* * * LOW HITPOINT WARNING * * *
The yak gores you!
* * * LOW HITPOINT WARNING * * *
The yak gores you!
You die...

###### ######
#....##################....##
#....#......@Y.+......#....#.
#....#......YY.#......#....#.
#....#.........#......#....#.
#.........###..###....#....##
#######...###..###....#......
#.)...#..........'......
#.....#..........#......
##...##....#..####......
############..........#


You could see 3 yaks.

Vanquished Creatures
  2 centaur zombies (D:7)
  3 yaks
  Menkaure (D:5)
  A water moccasin (D:7)
  An ogre (D:4)
  A phantom (D:4)
  A bullfrog (D:7)
  A wyvern zombie (D:7)
  2 gnoll sergeants (D:7)
  2 scorpions
  5 killer bees (D:7)
  4 wights
  2 howler monkeys
  3 jellies
  3 hounds
  A gnoll shaman (D:6)
  4 iguanas
  Ijyb (D:4)
  3 orc wizards
  A killer bee zombie (D:6)
  A hound skeleton (D:5)
  A howler monkey zombie (D:7)
  12 gnolls
  3 howler monkey skeletons
  9 adders
  An ufetubus (D:6)
  3 worms
  A dart slug (D:3)
  10 orcs
  3 ball pythons
  4 bats
  4 endoplasms
  4 giant cockroaches
  4 goblins
  2 hobgoblins
  5 kobolds
  3 quokkas
  A frilled lizard (D:3)
  4 rats
  A spectral kobold (D:2)
118 creatures vanquished.

Vanquished Creatures (others)
  A goblin (D:4)
1 creature vanquished.

Grand Total: 119 creatures vanquished

Notes
Turn   | Place    | Note
-------+----------+-------------------------------------------
     0 | D:1      | bearlyready the Hill Orc Monk began the quest for the Orb.
     0 | D:1      | Reached XP level 1. HP: 19/19 MP: 1/1
   484 | D:1      | Reached XP level 2. HP: 24/26 MP: 2/2
   721 | D:1      | Reached skill level 5 in Axes
  1219 | D:2      | Reached XP level 3. HP: 25/31 MP: 3/3
  2162 | D:2      | Found a faded altar of an unknown god.
  2223 | D:2      | Reached skill level 6 in Axes
  2458 | D:3      | Reached XP level 4. HP: 28/39 MP: 4/4
  2709 | D:3      | Reached skill level 1 in Throwing
  3706 | D:4      | Reached XP level 5. HP: 31/45 MP: 5/5
  4004 | D:4      | Reached skill level 7 in Axes
  4090 | D:4      | Noticed an ogre
  4090 | D:4      | Noticed a phantom
  4113 | D:4      | Killed an ogre
  4114 | D:4      | Reached skill level 8 in Axes
  4114 | D:4      | Reached XP level 6. HP: 51/51 MP: 6/6
  4420 | D:4      | Reached skill level 9 in Axes
  4676 | D:4      | Found a hazy altar of Hepliaklqana.
  4713 | D:4      | Noticed Ijyb
  4730 | D:4      | Killed Ijyb
  4928 | D:5      | Entered Level 5 of the Dungeon
  5049 | D:8      | Reached XP level 7. HP: 43/57 MP: 7/7
  5338 | D:7      | Reached skill level 10 in Axes
  5901 | D:7      | Reached skill level 11 in Axes
  5901 | D:7      | Reached XP level 8. HP: 53/64 MP: 8/8
  6027 | D:5      | Found Lurutwall's Armour Boutique.
  6445 | D:5      | Reached skill level 1 in Evocations
  6723 | D:5      | Reached skill level 12 in Axes
  6904 | D:5      | Found Kofaa's Distillery.
  7318 | D:5      | Noticed Menkaure
  7322 | D:5      | Killed Menkaure
  7522 | D:6      | Reached skill level 5 in Fighting
  7886 | D:6      | Found a staircase to the Ecumenical Temple.
  7971 | Temple   | Entered the Ecumenical Temple
  8101 | Temple   | Became a worshipper of Trog the Wrathful
  8101 | Temple   | Reached * piety under Trog
  8101 | Temple   | Reached ** piety under Trog
  8152 | D:6      | Noticed a yak
  8168 | D:6      | Reached skill level 13 in Axes
  8184 | D:6      | Reached XP level 9. HP: 74/74 MP: 9/9
  8471 | D:6      | Found a runed translucent gate.
  8471 | D:6      | Found a runed translucent gate.
  8471 | D:6      | Found a runed translucent gate.
  8472 | D:6      | Noticed avis's ghost (novice HOFi)
  8632 | D:7      | Reached skill level 14 in Axes
  9534 | D:7      | Reached skill level 15 in Axes
  9564 | D:7      | Slain by a yak

Illustrated notes

Levels and vault maps discovered:
D:1:      dpeg_arrival_boxes_within_box, layout_basic, serial_glass,
          glass_columns_c, glass_columns_b, item_on_display_b, item_on_display_a
D:2:      layout_loops_ring, dreamdust_ecumenical_altar_drowned_temple
D:3:      layout_basic, chequers_serial_rivers_small_a
D:4:      layout_cave_pods, nicolae_hepliaklqana_hippocampus,
          kennysheep_generic_room_7, uniq_ijyb
D:5:      layout_basic, serial_shops, shop, shop,
          chequers_serial_rivers_small_3, minmay_statues_item,
          minmay_misc_feat_secret_circle, uniq_menkaure
D:6:      minmay_chambers_of_fours, layout_cave_pools,
          minmay_temple_entry_mini_moons, ebering_ghost_rock_garden
D:7:      layout_gridville, minmay_liquid_box
D:8:      layout_layer_cave, uniq_harold
Temple:   compressed_dpeg_circular_temple

Skill      XL: |  1  2  3  4  5  6  7  8  9 |
---------------+----------------------------+-----
Axes           | 5 6 8 9 11 13 15 | 15.1
Throwing       | 1 2 |  2.0
Fighting       | 5 6 |  6.2
Evocations     | 3 |  3.0
Dodging        | |  2.4
Stealth        | |  1.5

Action                   |  1- 3 |  4- 6 |  7- 9 || total
-------------------------+-------+-------+-------++-------
Melee: Hand axe          |   117 |   161 |   207 ||   485
       Battleaxe         |       |       |   108 ||   108
Throw: Dart              |     6 |     8 |     9 ||    23
       Stone             |       |     1 |       ||     1
Evoke: Wand              |       |       |     6 ||     6
  Use: Scroll            |       |     1 |       ||     1
 Stab: Sleeping          |     5 |       |       ||     5
Armor: Robe              |    10 |       |       ||    10
       Plate armour      |    23 |    83 |   253 ||   359
Dodge: Dodged            |    50 |    39 |    90 ||   179

Table legend: (Time is in decaauts)
 A = Elapsed time spent in this place.
 B = Non-inter-level travel time spent in this place.
 C = Inter-level travel time spent in this place.
 D = Time resting spent in this place.
 E = Time spent auto-exploring this place.
 F = Levels seen in this place.
 G = Mean time per level.
                   A        B        C        D        E       F      G
               +--------+--------+--------+--------+--------+-----+--------+
         Total |   9517 |   9267 |    250 |   1693 |   6291 |   9 | 1057.4 |
       Dungeon |   9380 |   9155 |    225 |   1693 |   6216 |   8 | 1172.5 |
        Temple |    136 |    111 |     25 |      0 |     75 |   1 |  136.0 |
               +--------+--------+--------+--------+--------+-----+--------+

Top non-repeatable levels by time:
     D:5: 1688 daAuts
     D:3: 1251 daAuts
     D:2: 1245 daAuts
     D:4: 1235 daAuts
     D:1: 1195 daAuts
     D:7: 1072 daAuts
     D:6: 849 daAuts
     D:8: 842 daAuts
  Temple: 136 daAuts
